 Dungeon Crawl Stone Soup version 0.30-a0-424-g7412bad402 (webtiles) character file.

Game seed: 173830895354565025

67 funkygono the Firebug (level 4, -10/30 HPs)
             Began as a Demonspawn Fire Elementalist on Dec 9, 2022.
             Killed from afar by Natasha (17 damage)
             ... with a bolt of light
             ... on level 2 of the Dungeon.
             The game lasted 00:03:28 (1618 turns).

funkygono the Firebug (DsFE)                        Turns: 1618, Time: 00:03:29

Health: -10/30     AC:  2    Str:  9    XL:     4   Next: 0%
Magic:  1/8        EV: 12    Int: 18    God:
Gold:   30         SH:  0    Dex: 13    Spells: 5/8 levels left

rFire   . . .      SeeInvis .    h - +0 whip
rCold   . . .      Faith    .    (no shield)
rNeg    . . .      Spirit   .    a - +0 robe
rPois   .          Reflect  .    (no helmet)
rElec   .          Harm     .    (no cloak)
rCorr   .          Rampage  .    (no gloves)
Will    .....                    (no boots)
Stlth   +.........               (no amulet)
HPRegen 0.25/turn                (no ring)
MPRegen 0.11/turn                (no ring)

@: confused
A: ignite blood 1, powered by death 1
a: no special abilities


You were on level 2 of the Dungeon.
You visited 1 branch of the dungeon, and saw 2 of its levels.

You collected 30 gold pieces.

Inventory:

Hand Weapons
 d - a +0 dagger
 h - a +0 whip (weapon)
Armour
 a - a +0 robe (worn)
Scrolls
 e - a scroll of fog {unknown}
Potions
 b - a potion of magic
 c - a potion of curing {unknown}
 f - 2 potions of flight {unknown}
 g - a potion of cancellation {unknown}


   Skills:
 + Level 2.0 Dodging
 - Level 1.7 Stealth
 + Level 2.7 Spellcasting
 + Level 1.5 Conjurations
 + Level 3.7 Fire Magic


You had 5 spell levels left.
You knew the following spells:

 Your Spells              Type           Power      Damage    Failure   Level
a - Foxfire               Conj/Fire      44%        2x1d6     6%          1
b - Scorch                Fire           30%        2d6       5%          2

Your spell library contained the following spells:

 Spells                   Type           Power      Damage    Failure   Level
 Inner Flame              Hex/Fire       9%         N/A       24%         3
 Kindle Blastsparks       Fire/Tloc/Air  12%        2d11      30%         3
 Flame Wave               Conj/Fire      11%        2d6       50%         4


Dungeon Overview and Level Annotations

Branches:
Dungeon (2/15)

Altars:

Shops:
D:1 ?

Annotations:
D:2 Natasha


Innate Abilities, Weirdness & Mutations

Your demonic aura sometimes causes spilled blood to erupt in flames.
You regenerate a little health from kills.


Message History

Natasha, Servant of Life and Death comes into view.
She is carrying a wand of light (5).
The foxfire hits Terence but does no damage.
Terence is moderately wounded.
Casting: Foxfire (safe; 6% risk of failure)
Confirm with . or Enter, or press ? or * to list all spells.
You conjure some foxfire!
The foxfire hits Terence.
Terence is heavily wounded.
The foxfire hits Terence.
Terence is severely wounded.
Unknown command.
Casting: Foxfire (safe; 6% risk of failure)
Confirm with . or Enter, or press ? or * to list all spells.
You conjure some foxfire!
The foxfire hits Terence.
You kill Terence!
The foxfire hits Natasha.
Natasha is moderately wounded.
You have reached level 4!
You feel stronger.
Your demonic ancestry asserts itself...
Your blood heats up.
Casting: Foxfire (safe; 6% risk of failure)
Confirm with . or Enter, or press ? or * to list all spells.
You conjure some foxfire!
The foxfire hits Natasha.
Natasha is moderately wounded.
Natasha zaps a wand.
The bolt of light hits you!
The foxfire hits Natasha.
Natasha is heavily wounded.
Unknown command.
Your foxfire dissipates!
The foxfire hits Natasha but does no damage.
Natasha is heavily wounded.
Natasha mumbles some strange words.
The white imp gestures at you. The puff of frost hits you!
The white imp gestures at you. The puff of frost hits you!
* * * LOW HITPOINT WARNING * * *
You see here an adder corpse.
Natasha zaps a wand.
The bolt of light hits you!
You are confused.
Ouch! That really hurt!
You die...

######### #########
#.......# #.......#
#.......#
#.......###..@....#
#............†....#
#.......###.......#
..#.......# #.......#
..........# #.......#
.....#..#####.h.....#
#.............#######
#...##.....5...## #..
#..........#


You could see Natasha and a white imp (summoned).

Vanquished Creatures
  Terence (D:2)
  2 adders (D:2)
  5 endoplasms (D:1)
  2 giant cockroaches (D:1)
  4 hobgoblins (D:1)
  2 quokkas (D:1)
  2 ball pythons (D:1)
  3 kobolds (D:1)
  3 rats
24 creatures vanquished.

Vanquished Creatures (others)
  82 foxfires
  21 plants (D:1)
103 creatures vanquished.

Grand Total: 127 creatures vanquished

Notes
Turn   | Place    | Note
-------+----------+-------------------------------------------
     0 | D:1      | funkygono the Demonspawn Fire Elementalist began the quest
                  | for the Orb.
     0 | D:1      | Reached XP level 1. HP: 13/13 MP: 3/3
   217 | D:1      | Reached skill level 3 in Fire Magic
   284 | D:1      | Found Zeaph's Magic Scroll Shoppe.
   385 | D:1      | Gained mutation: You regenerate a little health from kills.
                  | [demonic ancestry]
   385 | D:1      | Reached XP level 2. HP: 19/19 MP: 3/5
   444 | D:1      | Learned a level 2 spell: Scorch
  1399 | D:2      | Reached XP level 3. HP: 24/24 MP: 0/6
  1603 | D:2      | Noticed Terence
  1607 | D:2      | Noticed Natasha
  1609 | D:2      | Killed Terence
  1610 | D:2      | Gained mutation: Your demonic aura sometimes causes spilled
                  | blood to erupt in flames. [demonic ancestry]
  1610 | D:2      | Reached XP level 4. HP: 30/30 MP: 1/8
  1618 | D:2      | Killed from afar by Natasha

Illustrated notes

Levels and vault maps discovered:
D:1:      denvon_arrival_planthouse, layout_basic, serial_shops,
          nicolae_shop_hallway_plus, grunt_decor_mini_mirrors
D:2:      layout_rooms, minmay_octomino_c4, uniq_terence, uniq_jessica,
          uniq_natasha

Skill      XL: |  1  2 |
---------------+-------+-----
Fire Magic     | 3 |  3.7
Dodging        | 2 |  2.0
Stealth        | |  1.7
Spellcasting   | |  2.7
Conjurations   | |  1.5

Action                   |  1- 3 |  4- 6 || total
-------------------------+-------+-------++-------
Melee: Dagger            |     3 |       ||     3
       Whip              |    38 |       ||    38
       Punch             |     1 |       ||     1
 Cast: Foxfire           |    47 |     1 ||    48
       Scorch            |     3 |       ||     3
Armor: Robe              |     5 |       ||     5
Dodge: Dodged            |    24 |       ||    24

Table legend: (Time is in decaauts)
 A = Elapsed time spent in this place.
 B = Non-inter-level travel time spent in this place.
 C = Inter-level travel time spent in this place.
 D = Time resting spent in this place.
 E = Time spent auto-exploring this place.
 F = Levels seen in this place.
 G = Mean time per level.
                   A        B        C        D        E       F      G
               +--------+--------+--------+--------+--------+-----+--------+
         Total |   1621 |   1553 |     68 |      0 |   1185 |   2 |  810.5 |
       Dungeon |   1621 |   1553 |     68 |      0 |   1185 |   2 |  810.5 |
               +--------+--------+--------+--------+--------+-----+--------+

Top non-repeatable levels by time:
     D:1: 1500 daAuts
     D:2: 121 daAuts
